SAAA
ROYSE CITY TARGARYENS @ TREMONT DOUBLEDAYS
08/10/2033
 
TOP OF THE 1ST
Royse City Targaryens batting - Pitching for Tremont Doubledays : LHP Lorenzo Sánchez
Pitching: LHP Lorenzo Sánchez
Batting: RHB Breanainn Swartwood 0-0: Called Strike
0-1: Ball
1-1: Called Strike
1-2: Ball
2-2: Ground out 2-3 (Groundball, 2R)
Batting: RHB Craig Greene 0-0: Called Strike
0-1: Ground out 5-3 (Groundball, 56)
Batting: RHB Melvin Thomas 0-0: Foul Ball, location: 2F
0-1: Ball
1-1: Fly out, F8 (Flyball, 8LM)
Top of the 1st over - 0 runs, 0 hits, 0 errors, 0 left on base; Royse City 0 - Tremont 0
BOTTOM OF THE 1ST
Tremont Doubledays batting - Pitching for Royse City Targaryens : RHP Forest Stanley
Pitching: RHP Forest Stanley
Batting: RHB Bill Rinck 0-0: Ground out 5-3 (Groundball, 5S)
Batting: RHB Bryant Skelly 0-0: SINGLE (Groundball, 6MD)
Batting: RHB John Schnatter 0-0: Ball
Bryant Skelly steals 2nd base
1-0: Foul Ball, location: 2F
1-1: Foul Ball, location: 2F
1-2: DOUBLE (Flyball, 8RXD)
Bryant Skelly scores
Batting: LHB Cornelius Taitt 0-0: Ball
1-0: Foul Ball, location: 2F
1-1: Ball
2-1: Fly out, F9 (Flyball, 9D)
Runner from 2nd tags up, SAFE at 3rd, no throw
Batting: RHB Arturo Morales 0-0: Swinging Strike
0-1: Ground out 5-3 (Groundball, 56S)
Bottom of the 1st over - 1 run, 2 hits, 0 errors, 1 left on base; Royse City 0 - Tremont 1
TOP OF THE 2ND
Royse City Targaryens batting - Pitching for Tremont Doubledays : LHP Lorenzo Sánchez
Batting: RHB IV Seacat 0-0: Called Strike
0-1: Foul Ball, location: 2F
0-2: Ball
1-2: Foul Ball, location: 2F
1-2: Strikes out swinging
Batting: SHB Miguel Herrera 0-0: Ball
1-0: Foul Ball, location: 2F
1-1: Ground out 1-3 (Groundball, 13S)
Batting: LHB Eric Thackston 0-0: Ball
1-0: Swinging Strike
1-1: Ball
2-1: Foul Ball, location: 2F
2-2: Foul Ball, location: 2F
2-2: Foul Ball, location: 2F
2-2: Foul Ball, location: 2F
2-2: Foul Ball, location: 2F
2-2: Ball
3-2: Foul Ball, location: 2F
3-2: Base on Balls
Batting: RHB Cristo Cuervo 0-0: Ball
1-0: Swinging Strike
1-1: Ball
2-1: Fielders Choice at 2nd, 6-4 (Groundball, 6)
Top of the 2nd over - 0 runs, 0 hits, 0 errors, 1 left on base; Royse City 0 - Tremont 1
BOTTOM OF THE 2ND
Tremont Doubledays batting - Pitching for Royse City Targaryens : RHP Forest Stanley
Batting: RHB Alfredo Escalante 0-0: Swinging Strike
0-1: SINGLE (Groundball, 6D)
Batting: RHB David Pérez 0-0: Foul Ball, location: 2F
0-1: Ball
1-1: Grounds into double play, 6-4-3 (Groundball, 6)
Batting: RHB Albert Covington 0-0: Ball
1-0: Ball
2-0: SINGLE (Flyball, 78M)
Batting: RHB Jesús Quintana 0-0: Fielders Choice at 2nd, 5-4 (Groundball, 5)
Bottom of the 2nd over - 0 runs, 2 hits, 0 errors, 1 left on base; Royse City 0 - Tremont 1
TOP OF THE 3RD
Royse City Targaryens batting - Pitching for Tremont Doubledays : LHP Lorenzo Sánchez
Batting: RHB Víctor Cuevas 0-0: Called Strike
0-1: Ground out 5-3 (Groundball, 56)
Batting: SHB Barney Heise 0-0: Called Strike
0-1: Swinging Strike
0-2: Foul Ball, location: 2F
0-2: Ball
1-2: SINGLE (Groundball, 6MD)
Batting: RHB Breanainn Swartwood 0-0: Fly out, F4 (Popup, 4S)
Batting: RHB Craig Greene 0-0: Called Strike
0-1: SINGLE (Line Drive, 56D)
Barney Heise to second
Batting: RHB Melvin Thomas 0-0: Ball
1-0: Ball
2-0: Foul Ball, location: 2F
2-1: Ball
3-1: Base on Balls
Barney Heise to third
Craig Greene to second
Batting: RHB IV Seacat 0-0: Foul Ball, location: 2F
0-1: Ground out 6-3 (Groundball, 6S)
Top of the 3rd over - 0 runs, 2 hits, 0 errors, 3 left on base; Royse City 0 - Tremont 1
BOTTOM OF THE 3RD
Tremont Doubledays batting - Pitching for Royse City Targaryens : RHP Forest Stanley
Batting: RHB Bill Rinck 0-0: Ball
1-0: SINGLE (Line Drive, 8RS)
Batting: RHB Bryant Skelly 0-0: Ball
1-0: Foul Ball, location: 2F
1-1: Ball
2-1: Foul Ball, location: 2F
2-2: DOUBLE (Groundball, 5L)
Bill Rinck to third
Batting: RHB John Schnatter 0-0: Foul Ball, location: 2F
0-1: Swinging Strike
0-2: Ball
1-2: Ball
2-2: Ball
3-2: Foul Ball, location: 2F
3-2: Foul Ball, location: 2F
3-2: SINGLE (Groundball, 56D)
Bill Rinck scores
Bryant Skelly to third
Batting: LHB Cornelius Taitt 0-0: Ball
1-0: Ball
2-0: Called Strike
2-1: Foul Ball, location: 2F
2-2: Ball
3-2: Foul Ball, location: 2F
3-2: Strikes out swinging
Batting: RHB Arturo Morales 0-0: Ball
1-0: Swinging Strike
1-1: Swinging Strike
1-2: Fly out, F6 (Line Drive, 6)
Batting: RHB Alfredo Escalante 0-0: Ball
1-0: Fielders Choice at 2nd, 6-4 (Groundball, 6)
Bottom of the 3rd over - 1 run, 3 hits, 0 errors, 2 left on base; Royse City 0 - Tremont 2
TOP OF THE 4TH
Royse City Targaryens batting - Pitching for Tremont Doubledays : LHP Lorenzo Sánchez
Batting: SHB Miguel Herrera 0-0: Ground out 4-3 (Groundball, 4)
Batting: LHB Eric Thackston 0-0: Ball
1-0: Ball
2-0: Foul Ball, location: 2F
2-1: Foul Ball, location: 2F
2-2: DOUBLE (Line Drive, 5D)
Batting: RHB Cristo Cuervo 0-0: Ball
1-0: Foul Ball, location: 2F
1-1: Foul Ball, location: 2F
1-2: Foul Ball, location: 2F
1-2: Strikes out swinging
Batting: RHB Víctor Cuevas 0-0: Fly out, F7 (Flyball, 7)
Top of the 4th over - 0 runs, 1 hit, 0 errors, 1 left on base; Royse City 0 - Tremont 2
BOTTOM OF THE 4TH
Tremont Doubledays batting - Pitching for Royse City Targaryens : RHP Forest Stanley
Batting: RHB David Pérez 0-0: Ball
1-0: Ball
2-0: Foul Ball, location: 2F
2-1: Foul Ball, location: 2F
2-2: Strikes out looking
Batting: RHB Albert Covington 0-0: Ball
1-0: Ball
2-0: Fly out, F9 (Flyball, 9LS)
Batting: RHB Jesús Quintana 0-0: Called Strike
0-1: Foul Ball, location: 2F
0-2: Ball
1-2: Ground out 1-3 (Groundball, P)
Bottom of the 4th over - 0 runs, 0 hits, 0 errors, 0 left on base; Royse City 0 - Tremont 2
TOP OF THE 5TH
Royse City Targaryens batting - Pitching for Tremont Doubledays : LHP Lorenzo Sánchez
Batting: SHB Barney Heise 0-0: Ball
1-0: Foul Ball, location: 2F
1-1: Foul Ball, location: 2F
1-2: SINGLE (Line Drive, 4MD)
Batting: RHB Breanainn Swartwood 0-0: Bunted foul
0-1: Sac Bunt - play at first, batter OUT! 1-4
Barney Heise to second
Batting: RHB Craig Greene 0-0: Ball
1-0: Fly out, F6 (Popup, 6M)
Batting: RHB Melvin Thomas 0-0: Ball
1-0: Called Strike
1-1: Ball
2-1: Ball
Passed Ball!
Barney Heise to third
3-1: Base on Balls
Batting: RHB IV Seacat 0-0: Ball
1-0: Ground out 1-3 (Groundball, P)
Top of the 5th over - 0 runs, 1 hit, 0 errors, 2 left on base; Royse City 0 - Tremont 2
BOTTOM OF THE 5TH
Tremont Doubledays batting - Pitching for Royse City Targaryens : RHP Forest Stanley
Batting: RHB Bill Rinck 0-0: Ball
1-0: Fly out, F4 (Popup, 34S)
Batting: RHB Bryant Skelly 0-0: Swinging Strike
0-1: Ball
1-1: Called Strike
1-2: Fly out, F8 (Line Drive, 8LM)
Batting: RHB John Schnatter 0-0: Called Strike
0-1: Ball
1-1: Ground out 5-3 (Groundball, 5L)
Bottom of the 5th over - 0 runs, 0 hits, 0 errors, 0 left on base; Royse City 0 - Tremont 2
TOP OF THE 6TH
Royse City Targaryens batting - Pitching for Tremont Doubledays : LHP Lorenzo Sánchez
Batting: SHB Miguel Herrera 0-0: Ball
1-0: Ball
2-0: Called Strike
2-1: Ground out 5-3 (Groundball, 56S)
Batting: LHB Eric Thackston 0-0: Ball
1-0: Ball
2-0: Called Strike
2-1: Ball
3-1: Ground out 4-3 (Groundball, 4)
Batting: RHB Cristo Cuervo 0-0: Ball
1-0: Ball
2-0: Ground out 6-3 (Groundball, 6)
Top of the 6th over - 0 runs, 0 hits, 0 errors, 0 left on base; Royse City 0 - Tremont 2
BOTTOM OF THE 6TH
Tremont Doubledays batting - Pitching for Royse City Targaryens : RHP Forest Stanley
Batting: LHB Cornelius Taitt 0-0: Ball
1-0: Ball
2-0: Ball
3-0: Base on Balls
Batting: RHB Arturo Morales 0-0: Ball
1-0: Hit by Pitch
Cornelius Taitt to second
Batting: RHB Alfredo Escalante 0-0: Ball
1-0: Bunted foul
1-1: Ball
2-1: Bunt - Flyout! F1
Batting: RHB David Pérez 0-0: Called Strike
0-1: Called Strike
0-2: Foul Ball, location: 2F
0-2: Ball
1-2: Foul Ball, location: 2F
1-2: Ball
2-2: Strikes out swinging
Batting: RHB Albert Covington 0-0: Called Strike
0-1: Ball
1-1: Ball
2-1: Foul Ball, location: 2F
2-2: 3-RUN HOME RUN (Flyball, 89D), Distance : 419 ft
Pitching: RHP Pak Dong Hyeon
Batting: RHB Jesús Quintana 0-0: Ball
1-0: Foul Ball, location: 2F
1-1: Ball
2-1: Fly out, F9 (Flyball, 9LMF)
Bottom of the 6th over - 3 runs, 1 hit, 0 errors, 0 left on base; Royse City 0 - Tremont 5
TOP OF THE 7TH
Royse City Targaryens batting - Pitching for Tremont Doubledays : LHP Lorenzo Sánchez
Batting: RHB Víctor Cuevas 0-0: SINGLE (Line Drive, 7S)
Batting: SHB Barney Heise 0-0: Ball
1-0: Ball
2-0: Ball
3-0: Base on Balls
Víctor Cuevas to second
Batting: RHB Breanainn Swartwood 0-0: Called Strike
Víctor Cuevas steals 3rd base
Barney Heise to second
0-1: SINGLE (Line Drive, 89S)
Víctor Cuevas scores
Barney Heise to third
Runner from 3rd tries for Home, SAFE, no throw
Batting: RHB Craig Greene 0-0: Fly out, F3 (Line Drive, 34S)
Lined into DP, U3 (Line Drive, 34S)
Batting: RHB Melvin Thomas 0-0: Ball
1-0: Foul Ball, location: 2F
1-1: Ball
2-1: Ball
3-1: Ground out 4-3 (Groundball, 4)
Top of the 7th over - 2 runs, 2 hits, 0 errors, 0 left on base; Royse City 2 - Tremont 5
BOTTOM OF THE 7TH
Tremont Doubledays batting - Pitching for Royse City Targaryens : RHP Pak Dong Hyeon
Batting: RHB Bill Rinck 0-0: Ball
1-0: Ball
2-0: Ground out U3 (Groundball, 3)
Batting: RHB Bryant Skelly 0-0: Ball
1-0: Ball
2-0: Ball
3-0: Called Strike
3-1: Fly out, F5 (Popup, 56)
Batting: RHB John Schnatter 0-0: Called Strike
0-1: Ball
1-1: Foul Ball, location: 2F
1-2: Ball
2-2: Foul Ball, location: 2F
2-2: Ball
3-2: Base on Balls
Batting: LHB Cornelius Taitt 0-0: Ball
1-0: Foul Ball, location: 2F
1-1: Fly out, F9 (Flyball, 9)
Bottom of the 7th over - 0 runs, 0 hits, 0 errors, 1 left on base; Royse City 2 - Tremont 5
TOP OF THE 8TH
Royse City Targaryens batting - Pitching for Tremont Doubledays : LHP Lorenzo Sánchez
Batting: RHB IV Seacat 0-0: Foul Ball, location: 2F
0-1: SINGLE (Line Drive, 9LS)
Batting: SHB Miguel Herrera 0-0: Called Strike
0-1: Ball
1-1: Grounds into double play, 4-6-3 (Groundball, 4)
Batting: LHB Eric Thackston 0-0: SOLO HOME RUN (Flyball, 7D), Distance : 400 ft
Batting: RHB Cristo Cuervo 0-0: Ball
1-0: SINGLE (Flyball, 8RS)
Pitching: RHP Bobby Swain
Batting: RHB Víctor Cuevas 0-0: Ball
1-0: Foul Ball, location: 2F
1-1: Ball
2-1: Ball
3-1: Called Strike
3-2: Ground out 5-3 (Groundball, 56S)
Top of the 8th over - 1 run, 3 hits, 0 errors, 1 left on base; Royse City 3 - Tremont 5
BOTTOM OF THE 8TH
Tremont Doubledays batting - Pitching for Royse City Targaryens : RHP Pak Dong Hyeon
Batting: RHB Arturo Morales 0-0: Ball
1-0: Foul Ball, location: 2F
1-1: Ground out 1-3 (Groundball, 15S)
Batting: RHB Alfredo Escalante 0-0: Ball
1-0: Fly out, F9 (Flyball, 89D)
Batting: RHB David Pérez 0-0: Reached on error, E5 (Groundball, 56)
Batting: RHB Albert Covington 0-0: Foul Ball, location: 2F
0-1: 2-RUN HOME RUN (Line Drive, 7LD), Distance : 354 ft
Batting: RHB Jesús Quintana 0-0: Swinging Strike
0-1: Foul Ball, location: 2F
0-2: Strikes out looking
Bottom of the 8th over - 2 runs, 1 hit, 1 error, 0 left on base; Royse City 3 - Tremont 7
TOP OF THE 9TH
Royse City Targaryens batting - Pitching for Tremont Doubledays : RHP Bobby Swain
Batting: SHB Barney Heise 0-0: Foul Ball, location: 2F
0-1: Called Strike
0-2: Ball
1-2: Ball
2-2: Ball
3-2: Foul Ball, location: 2F
3-2: Ground out 4-3 (Groundball, 4)
Batting: RHB Breanainn Swartwood 0-0: Swinging Strike
0-1: Ball
1-1: Ball
2-1: Ball
3-1: Called Strike
3-2: Strikes out swinging
Batting: RHB Craig Greene 0-0: Foul Ball, location: 2F
0-1: Called Strike
0-2: Ball
1-2: Ball
2-2: Foul Ball, location: 2F
2-2: DOUBLE (Line Drive, 78D)
Batting: RHB Melvin Thomas 0-0: Ball
1-0: Ball
2-0: Swinging Strike
2-1: Ball
3-1: Base on Balls
Pitching: RHP Manuel Pader
Batting: RHB IV Seacat 0-0: Foul Ball, location: 2F
0-1: SINGLE (Groundball, 6D)
Craig Greene to third
Melvin Thomas to second
Pinch Hitting: LHB Jonathan Gunner 0-0: Foul Ball, location: 2F
0-1: Swinging Strike
0-2: Ball
1-2: Ball
2-2: Foul Ball, location: 2F
2-2: Strikes out looking
Top of the 9th over - 0 runs, 2 hits, 0 errors, 3 left on base; Royse City 3 - Tremont 7
Saturday, December 22nd, 2018 - OOTP Baseball 18.8 Build 76